 Dungeon Crawl Stone Soup version 0.31-a0-408-gb642c7f9a3 (webtiles) character file.

Game seed: 17401980958871621903

1191 CraigForest the Carver (level 8, -1/47 (48) HPs)
             Began as a Tengu Gladiator on July 29, 2023.
             Was a Follower of Wu Jian.
             Slain by a wight
             ... wielding a +0 long sword
              (9 damage)
             ... on level 6 of the Dungeon.
             The game lasted 00:20:39 (3968 turns).

CraigForest the Carver (Tengu Gladiator)            Turns: 3968, Time: 00:20:39

HP:   -1/47 (48)    AC: 22    Str: 15    XL:     8   Next: 43%
MP:   9/9           EV:  2    Int:  8    God:    Wu Jian [*.....]
Gold: 29            SH:  0    Dex: 18    Spells: 3/7 levels left

rFire   . . .        v - +2 great sword (heavy)
rCold   . . .        (shield currently unavailable)
rNeg    . . .        A - +0 crystal plate armour
rPois   .            c - +0 hat
rElec   .            p - +0 cloak
rCorr   .            (no gloves)
SInv    .            (boots unavailable)
Will    .....        m - amulet of magic regeneration Stlth
                     l - +4 ring of protection
HPRegen 0.27/turn    o - ring of wizardry
MPRegen 0.51/turn

%: wizardry (x1)
@: flying quickly and evasively, lightly drained, quick
A: beak, talons 3, nimble flight
a: Renounce Religion


You were on level 6 of the Dungeon.
You worshipped Wu Jian.
Wu Jian was aware of your devotion.
You visited 1 branch of the dungeon, and saw 6 of its levels.

You collected 341 gold pieces.
You spent 312 gold pieces at shops.

Inventory:

Hand Weapons
 a - a +1 long sword
 q - a +3 dagger
 v - a +2 heavy great sword (weapon)
Missiles
 d - 3 throwing nets
 e - a javelin
 F - 5 boomerangs (quivered)
Armour
 b - a +0 leather armour
 c - a +0 hat (worn)
 p - a +0 cloak (worn)
 x - a +0 chain mail
 y - a +0 ring mail
 A - a +0 crystal plate armour (worn)
 I - a scarf of invisibility
Jewellery
 l - a +4 ring of protection (left hand)
 m - an amulet of magic regeneration (around neck)
 o - a ring of wizardry (right hand)
 z - a ring of fire
Talismans
 h - a beast talisman
Wands
 D - a wand of polymorph (6)
Scrolls
 k - 3 scrolls of blinking
 r - 2 scrolls of teleportation
 u - a scroll of brand weapon
 w - a scroll of fear
 C - a scroll of silence {unknown}
 E - a scroll of amnesia {unknown}
 G - 2 scrolls of enchant armour {unknown}
Potions
 f - a potion of invisibility
 g - a potion of curing
 i - 2 potions of magic {unknown}
 j - a potion of brilliance
 n - a potion of resistance {unknown}
 s - a potion of attraction {unknown}
 t - 2 potions of mutation {unknown}
 B - a potion of lignification {unknown}
 H - a potion of cancellation {unknown}


   Skills:
 + Level 4.2 Fighting
 + Level 8.9 Long Blades
 + Level 2.1 Throwing
 + Level 4.4 Armour
 + Level 4.2 Dodging


You had 3 spell levels left.
You knew the following spells:

 Your Spells              Type           Power      Damage    Failure   Level
a - Airstrike             Air            0%         2d(0-16)  100%        4

Your spell library contained the following spells:

 Spells                   Type           Power      Damage    Failure   Level
 Sting                    Tmut/Pois      0%         1d3       100%        1
 Poisonous Vapours        Pois/Air       0%         N/A       100%        2
 Static Discharge         Conj/Air       0%         2-2/arc   100%        2
 Portal Projectile        Hex/Tloc       0%         N/A       100%        3
 Tukima's Dance           Hex            0%         N/A       100%        3
 Iskenderun's Mystic Bla  Conj/Tloc      0%         2d3       100%        4
 Olgreb's Toxic Radiance  Pois           0%         N/A       100%        4
 Summon Lightning Spire   Summ/Air       0%         N/A       100%        4


Dungeon Overview and Level Annotations

Branches:
Dungeon (6/15)
 Temple: D:4-7

Altars:
Fedhas
Gozag
Sif Muna
Wu Jian

Shops:
D:5 (:


Innate Abilities, Weirdness & Mutations

You have a beak for a mouth.
You have claws for feet.
Your magical nature lets you fly swiftly and evasively.


Message History

The wight hits you with a +0 long sword.
The wight hits you but does no damage.
You chop the wight into pieces!!!
You destroy the wight!
The Council accepts your kill. The wight hits you but does no damage.
The wight hits you with a +2 dagger of freezing.
The wight freezes you.
The wight hits you from afar with a +0 halberd.
You feel drained.
The wight hits you from afar with a +0 halberd.
You feel drained. The wight hits you but does no damage.
The wight hits you from afar with a +0 halberd.
You feel drained.
The wight hits you with a +0 long sword.
The wight hits you but does no damage.
You lunge at the wight.
You slash the wight! You claw the wight, but do no damage.
The wight is almost destroyed.
You spin to attack the wight, but your attack speed is too slow for a blow to land.
You spin and attack the wight.
You completely miss the wight. You peck the wight, but do no damage.
The wight hits you with a +0 long sword.
You feel drained.
The wight hits you but does no damage. x3
You slice the wight!!
You destroy the wight!
The Council accepts your kill. The wight hits you but does no damage.
The wight hits you from afar with a +0 halberd.
* * * LOW HITPOINT WARNING * * *
The wight hits you with a +0 halberd.
* * * LOW HITPOINT WARNING * * *
You feel drained.
* * * LOW HITPOINT WARNING * * *
The wight completely misses you. The wight hits you but does no damage.
You spin to attack the wight, but your attack speed is too slow for a blow to land.
The wight hits you but does no damage.
There is a stone staircase leading up here.
The wight hits you with a +0 long sword!
You die...

.............. #
###...............
#.................
#.................
#.................
##................
##................
#######...........(!....
##.#..#.#.##....@zz......
................z........
................).)......
........#....#...†......#
.......................##
........#.............##
........#.##.........##
####.##.# .........###
#.# .# #........#


You could see 3 wights.

Vanquished Creatures
  Edmund (D:4)
  A water moccasin (D:4)
  An ice beast (D:6)
  2 ogres
  2 scorpions (D:5)
  2 wights (D:6)
  2 howler monkeys (D:5)
  A jelly (D:5)
  2 hounds
  2 orc wizards (D:4)
  2 iguanas (D:6)
  3 gnolls (D:2)
  7 adders
  2 shadow imps
  A white imp (D:6)
  2 ufetubi
  3 worms
  2 dart slugs
  6 orcs
  4 endoplasms
  3 giant cockroaches
  12 goblins
  11 hobgoblins
  6 jackals
  6 ball pythons
  10 bats
  4 frilled lizards
  5 kobolds
  9 rats
114 creatures vanquished.

Notes
Turn   | Place    | Note
-------+----------+-------------------------------------------
     0 | D:1      | CraigForest the Tengu Gladiator began the quest for the
                  | Orb.
     0 | D:1      | Reached XP level 1. HP: 12/12 MP: 2/2
   236 | D:1      | Reached XP level 2. HP: 17/17 MP: 3/3
   709 | D:2      | Reached skill level 4 in Long Blades
   709 | D:2      | Reached XP level 3. HP: 21/21 MP: 4/4
   830 | D:2      | Found a faded altar of an unknown god.
   881 | D:2      | Reached skill level 1 in Armour
   883 | D:2      | Reached XP level 4. HP: 24/26 MP: 5/5
  1609 | D:3      | Found a shimmering blue altar of Sif Muna.
  1708 | D:3      | Reached skill level 5 in Long Blades
  1708 | D:3      | Gained mutation: Your magical nature lets you fly swiftly
                  | and evasively. [Tengu growth]
  1708 | D:3      | Reached XP level 5. HP: 31/31 MP: 6/6
  1910 | D:3      | Found an ornate altar of the Wu Jian Council.
  1924 | D:3      | Became a worshipper of the Wu Jian Council
  2125 | D:4      | Noticed a water moccasin
  2129 | D:4      | Killed a water moccasin
  2130 | D:4      | Reached XP level 6. HP: 31/36 MP: 7/7
  2157 | D:4      | Reached skill level 6 in Long Blades
  2189 | D:4      | Found a blossoming altar of Fedhas.
  2190 | D:4      | Noticed Edmund
  2211 | D:4      | Killed Edmund
  2362 | D:4      | Reached skill level 7 in Long Blades
  2362 | D:4      | Reached XP level 7. HP: 35/41 MP: 8/8
  3151 | D:5      | Entered Level 5 of the Dungeon
  3167 | D:5      | Found an opulent altar of Gozag.
  3298 | D:5      | Found Ishalely's Weapon Shop.
  3391 | D:5      | Reached * piety under Wu Jian
  3392 | D:5      | Reached skill level 8 in Long Blades
  3392 | D:5      | Reached XP level 8. HP: 48/48 MP: 9/9
  3410 | D:5      | Found Suyqusy's Book Boutique.
  3415 | D:5      | Bought a book of Storms for 312 gold pieces
  3420 | D:5      | Learned a level 4 spell: Airstrike
  3968 | D:6      | Slain by a wight

Illustrated notes

Levels and vault maps discovered:
D:1:      wander_arrival_desolate, layout_basic, bh_walls_and_bars
D:2:      layout_basic, shapermc_ecumenical_altar_venn, serial_bayou_lagoon_a
D:3:      layout_rooms, lemuel_doored_altar, mainiacjoe_overflow_boulevard,
          kennysheep_crisscross, minmay_hedge_maze, nicolae_half_adder
D:4:      cheibrodos_greedy_goblins, layout_basic, fedhas_ov_isle_minmay,
          uniq_edmund
D:5:      layout_cave_pools, mainiacjoe_overflow_surrounded_room, serial_shops,
          nicolae_shop_statue_plus, nicolae_shop_peninsula
D:6:      layout_basic, minmay_temple_entry_fiery

Skill      XL: |  1  2  3  4  5  6  7  8 |
---------------+-------------------------+-----
Long Blades    | 4 5 7 8 |  8.9
Armour         | 1 2 3 4 |  4.4
Dodging        | 4 |  4.2
Fighting       | 3 4 |  4.2
Throwing       | |  2.1

Action                     |  1- 3 |  4- 6 |  7- 9 || total
---------------------------+-------+-------+-------++-------
  Melee: Long sword        |    77 |    48 |       ||   125
         Kick              |    12 |    21 |    13 ||    46
         Peck              |     7 |    16 |    13 ||    36
         Great sword       |       |    53 |    82 ||   135
Ability: Lunge             |       |     1 |     1 ||     2
         Whirlwind         |       |       |     2 ||     2
    Use: Scroll            |       |    11 |     2 ||    13
   Stab: Sleeping          |       |     1 |       ||     1
 Armour: Leather armour    |    28 |    20 |       ||    48
         Crystal plate arm |       |     5 |   187 ||   192
  Dodge: Dodged            |    55 |    79 |    19 ||   153

Table legend: (Time is in decaauts)
 A = Elapsed time spent in this place.
 B = Non-inter-level travel time spent in this place.
 C = Inter-level travel time spent in this place.
 D = Time resting spent in this place.
 E = Time spent auto-exploring this place.
 F = Levels seen in this place.
 G = Mean time per level.
                   A        B        C        D        E       F      G
               +--------+--------+--------+--------+--------+-----+--------+
         Total |   3930 |   3930 |      0 |    100 |   2318 |   6 |  655.0 |
       Dungeon |   3930 |   3930 |      0 |    100 |   2318 |   6 |  655.0 |
               +--------+--------+--------+--------+--------+-----+--------+

Top non-repeatable levels by time:
     D:4: 1026 daAuts
     D:2: 905 daAuts
     D:1: 629 daAuts
     D:3: 585 daAuts
     D:5: 540 daAuts
     D:6: 243 daAuts
